 Dungeon Crawl Stone Soup version 0.29-a0-994-gc5c9f59d18 (webtiles) character file.

Game seed: 16134369973459372883

4 vurker the Sneak (level 1, -1/9 HPs)
             Began as a Vine Stalker Enchanter on Aug 3, 2022.
             Slain by a rat (2 damage)
             ... on level 1 of the Dungeon.
             The game lasted 00:00:27 (81 turns).

vurker the Sneak (Vine Stalker Enchanter)             Turns: 81, Time: 00:00:27

Health: -1/9       AC:  2    Str: 10    XL:     1   Next: 70%
Magic:  0/4        EV: 12    Int: 15    God:
Gold:   7          SH:  0    Dex: 14    Spells: 4/4 levels left

rFire   . . .      SeeInvis .   (no weapon)
rCold   . . .      Faith    .   (no shield)
rNeg    . . .      Spirit   +   b - +0 robe
rPois   .          Reflect  .   (no helmet)
rElec   .          Harm     .   (no cloak)
rCorr   .          Rampage  .   (no gloves)
Will    .....                   (no boots)
Stlth   ++........              (no amulet)
HPRegen 0.03/turn               (no ring)
MPRegen 0.09/turn               (no ring)

@: no status effects
A: fangs 2, magic shield, antimagic bite, no potion heal 2
a: no special abilities


You were on level 1 of the Dungeon.
You visited 1 branch of the dungeon, and saw 1 of its levels.

You collected 7 gold pieces.

Inventory:

Armour
 b - a +0 robe (worn)
Potions
 c - 2 potions of invisibility


   Skills:
 + Level 0.3 Fighting
 - Level 0.8 Short Blades
 - Level 1.5 Dodging
 - Level 3.6 Stealth
 * Level 0.9 Unarmed Combat
 - Level 2.1 Spellcasting
 - Level 3.0 Hexes


You had 4 spell levels left.
You didn't know any spells.
Your spell library contained the following spells:

 Spells                   Type           Power      Damage    Failure   Level
 Ensorcelled Hibernation  Hex/Ice        12%        N/A       19%         2
 Confusing Touch          Hex            10%        N/A       19%         3
 Tukima's Dance           Hex            10%        N/A       19%         3
 Dazzling Flash           Conj/Hex       12%        N/A       34%         3


Dungeon Overview and Level Annotations

Branches:
Dungeon (1/15)

Altars:


Innate Abilities, Weirdness & Mutations

You have extremely sharp teeth.
When hurt, damage is shared between your health and your magic reserves.
Your bite disrupts and absorbs the magic of your enemies.
Potions cannot restore your health.


Message History

You kill the bat!
The bat completely misses you. The bat hits you.
* * * LOW HITPOINT WARNING * * *
You see here a bat corpse.
You hit the bat but do no damage. Your bite misses the bat.
The bat completely misses you. The bat hits you but does no damage.
You barely miss the bat. Your bite misses the bat. The bat barely misses you.
The bat hits you but does no damage.
You closely miss the bat. Your bite misses the bat.
The bat hits you but does no damage. The bat hits you.
You hit the bat. Your bite misses the bat. The bat hits you.
The bat barely misses you.
You closely miss the bat. You bite the bat. You drain its power.
You feel invigorated. The bat hits you but does no damage.
You closely miss the bat. Your bite misses the bat.
The bat hits you but does no damage. The bat closely misses you.
You miss the bat. Your bite misses the bat. The bat barely misses you.
The bat hits you.
You hit the bat.
You kill the bat!
You hit the goblin but do no damage. The goblin hits you but does no damage.
You hit the goblin. You bite the goblin, but do no damage.
The goblin completely misses you.
You closely miss the goblin. The goblin hits you with a +0 club.
* * * LOW HITPOINT WARNING * * *
You hit the goblin but do no damage. Your bite misses the goblin.
The goblin hits you with a +0 club.
You barely miss the goblin. The goblin misses you.
You hit the goblin.
You kill the goblin!
The bat hits you but does no damage. The bat closely misses you.
The bat hits you. The bat hits you but does no damage.
Things that are here:
a +0 club; a goblin corpse You miss the bat.
The bat barely misses you. x2
You hit the bat.
You kill the bat!
The rat attacks as you move away! The rat bites you.
* * * LOW HITPOINT WARNING * * *
You see here a bat corpse.
Unknown command.
You see here a +1 dagger.
The rat attacks as you move away! The rat bites you but does no damage.
The rat attacks as you move away! The rat closely misses you.
The rat attacks as you move away! The rat misses you.
The rat attacks as you move away! The rat closely misses you.
The rat attacks as you move away! The rat bites you.
You die...

##.. .?##...g.... . #..#
#######..... #.### ##..
...........#
.....##..##########...##
..........K.g.)†)(......
........###########.#...
.^..8)...# ######..###.
.##...##r# #......## .
##.##@.# ##.###### .
#'#..####..#
#'#..##...##
##⌠##....### +⌠<⌠'...##
##⌠##...# #+#....#
#..### ##..


You could see a rat.

Vanquished Creatures
  A goblin (D:1)
  3 bats (D:1)
4 creatures vanquished.

Notes
Turn   | Place    | Note
-------+----------+-------------------------------------------
     0 | D:1      | vurker the Vine Stalker Enchanter began the quest for the
                  | Orb.
     0 | D:1      | Reached XP level 1. HP: 9/9 MP: 4/4
    81 | D:1      | Slain by a rat

Illustrated notes

Levels and vault maps discovered:
D:1:      grunt_arrival_crossed_arrows, layout_rooms,
          hellmonk_ecumenical_altar_the_god_not_taken

Action                   || total
-------------------------++-------
Melee: Unarmed           ||    22
       Bite              ||     6
       Dagger            ||     3
Armor: Robe              ||    22
Dodge: Dodged            ||    37

Table legend: (Time is in decaauts)
 A = Elapsed time spent in this place.
 B = Non-inter-level travel time spent in this place.
 C = Inter-level travel time spent in this place.
 D = Time resting spent in this place.
 E = Time spent auto-exploring this place.
 F = Levels seen in this place.
 G = Mean time per level.
                   A        B        C        D        E       F      G
               +--------+--------+--------+--------+--------+-----+--------+
         Total |     80 |     80 |      0 |      0 |     22 |   1 |   80.0 |
       Dungeon |     80 |     80 |      0 |      0 |     22 |   1 |   80.0 |
               +--------+--------+--------+--------+--------+-----+--------+

Top non-repeatable levels by time:
     D:1: 80 daAuts
